 Dungeon Crawl Stone Soup version 0.30-a0-782-ge64f9170bb (webtiles) character file.

Game seed: 3305815178827274918

55 voltaire321 the Ducker (level 3, -1/27 HPs)
             Began as a Merfolk Artificer on Feb 18, 2023.
             Splashed by a jelly's acid (8 damage)
             ... on level 3 of the Dungeon.
             The game lasted 00:03:56 (1520 turns).

voltaire321 the Ducker (Merfolk Artificer)          Turns: 1520, Time: 00:03:57

Health: -1/27      AC: -1    Str: 12    XL:     3   Next: 93%
Magic:  3/3        EV: 11    Int: 10    God:
Gold:   137        SH:  0    Dex: 16    Spells: 2/2 levels left

rFire   . . .      SeeInvis .    h - +2 dagger (elec)
rCold   . . .      Faith    .    (no shield)
rNeg    . . .      Spirit   .    u - +4 ring mail {rPois}
rPois   +          Reflect  .    (no helmet)
rElec   .          Harm     .    r - scarf {repulsion}
rCorr   .          Rampage  .    (no gloves)
Will    .....                    g - +0 pair of boots
Stlth   +                        (no amulet)
HPRegen 0.24/turn                (no ring)
MPRegen 0.08/turn                (no ring)

@: corroded, repel missiles
A: (nimble swimmer 2), mertail
a: no special abilities


You were on level 3 of the Dungeon.
You visited 1 branch of the dungeon, and saw 3 of its levels.

You collected 137 gold pieces.

Inventory:

Hand Weapons
 h - a +2 dagger of electrocution (weapon)
Missiles
 n - 4 poisoned darts
 t - 2 atropa-tipped darts
Armour
 g - a +0 pair of boots (worn)
 r - a scarf of repulsion (worn)
 u - a +4 ring mail of poison resistance (worn)
Jewellery
 j - an amulet of the acrobat
Wands
 c - a wand of flame (31) (quivered)
 d - a wand of charming (15)
 e - a wand of iceblast (5)
 p - a wand of polymorph (10)
Scrolls
 f - a scroll of magic mapping {unknown}
 i - 4 scrolls of identify {unknown}
 k - a scroll of immolation {unknown}
 o - a scroll of torment {unknown}
 s - a scroll of noise {unknown}
Potions
 a - a potion of attraction {unknown}
 l - a potion of heal wounds {unknown}
 m - 2 potions of curing {unknown}


   Skills:
 + Level 2.0 Fighting
 + Level 1.2 Armour
 + Level 3.3 Dodging
 - Level 2.0 Stealth
 + Level 3.3 Evocations


You had 2 spell levels left.
You didn't know any spells.
Your spell library contained the following spells:

 Spells                   Type           Power      Damage    Failure   Level
 Kiss of Death            Conj/Necr      0%         2d5       65%         1
 Confusing Touch          Hex            0%         N/A       95%         3
 Gell's Gravitas          Tloc           0%         N/A       95%         3
 Teleport Other           Tloc           0%         N/A       95%         3
 Dispel Undead            Necr           0%         3d6       100%        4
 Dispersal                Tloc           0%         N/A       100%        6


Dungeon Overview and Level Annotations

Branches:
Dungeon (3/15)

Altars:

Shops:
D:3 [


Innate Abilities, Weirdness & Mutations

((You are very nimble when in or above water. (Stealth+, EV+, Speed+++)))
Your lower body shifts to a powerful aquatic tail in water.


Message History

You feel resistant to poison.
You drop a +0 cloak.
You drop a +0 leather armour.
You start resting.
HP restored.
Found Moavasops's Armour Shoppe.
There is an entrance to Moavasops's Armour Shoppe here.
You can access your shopping list by pressing '$'.
Items here: ) [[ ††.
A goblin comes into view. It is wielding a +0 dagger.
The goblin shouts!
The goblin hits you but does no damage.
You closely miss the goblin. The goblin closely misses you.
You hit the goblin.
You kill the goblin!
You see here a +0 dagger.
A jelly comes into view.
The jelly hits you but does no damage.
You hit the jelly.
Your hands burn!
The jelly is moderately wounded.
The jelly hits you but does no damage.
You hit the jelly.
Your hands burn!
The jelly is moderately wounded.
The jelly closely misses you.
You hit the jelly. The acid corrodes you!
Your hands burn!
The jelly is heavily wounded.
The jelly hits you but does no damage.
You hit the jelly.
Your hands burn!
The jelly is heavily wounded.
The jelly closely misses you.
You hit the jelly. The acid corrodes you!
Your hands burn!
The jelly is severely wounded.
The jelly barely misses you.
You hit the jelly.
Your hands burn!
* * * LOW HITPOINT WARNING * * *
The jelly is severely wounded.
The jelly hits you.
* * * LOW HITPOINT WARNING * * *
The acid corrodes you!
You are splashed with acid!
You die...

#∩≈§≈≈§....#
#.§≈§≈§.#..##
#.§§≈≈..#[..#
#≈.....##..##
#########.##
...# #.# #..#
#.# #.J# #.#
#.@#####.#
#....)...#
#.########
... ####


You could see a jelly.

Vanquished Creatures
  Ijyb (D:3)
  An adder (D:3)
  A dart slug (D:1)
  2 endoplasms (D:1)
  2 goblins
  2 hobgoblins
  2 kobolds (D:2)
  3 ball pythons
  2 bats
  A frilled lizard (D:1)
  2 rats
19 creatures vanquished.

Notes
Turn   | Place    | Note
-------+----------+-------------------------------------------
     0 | D:1      | voltaire321 the Merfolk Artificer began the quest for the
                  | Orb.
     0 | D:1      | Reached XP level 1. HP: 15/15 MP: 1/1
   229 | D:1      | Found a faded altar of an unknown god.
   375 | D:1      | Reached XP level 2. HP: 21/21 MP: 2/2
  1122 | D:2      | Reached skill level 1 in Armour
  1444 | D:3      | Noticed Ijyb
  1453 | D:3      | Reached XP level 3. HP: 21/27 MP: 3/3
  1456 | D:3      | Killed Ijyb
  1480 | D:3      | Found Moavasops's Armour Shoppe.
  1520 | D:3      | Splashed by a jelly's acid

Illustrated notes

Levels and vault maps discovered:
D:1:      dpeg_arrival_chambers_temple_mockup, layout_loops_ring,
          basic_ecumenical_altar, serial_bayou_crossing
D:2:      layout_rooms, minivault_4, chequers_serial_rivers_large_b
D:3:      layout_loops_ring, serial_shops, shop, nicolae_shop_waterfront,
          nicolae_lakefront_shop, nicolae_lakefront_shop,
          nicolae_lakefront_shop, nrook_mini_vaults, minmay_cut_off, uniq_ijyb

Skill      XL: |  1  2  3 |
---------------+----------+-----
Dodging        | 3 |  3.3
Armour         | 1 |  1.2
Stealth        | 2 |  2.0
Fighting       | 2 |  2.0
Evocations     | |  3.3

Action                     || total
---------------------------++-------
  Melee: Club              ||    10
         Dagger            ||    53
         Unarmed           ||     6
   Stab: Sleeping          ||     2
 Armour: Leather armour    ||    15
         Ring mail         ||     4
  Dodge: Dodged            ||    39
         Repelled          ||     1

Table legend: (Time is in decaauts)
 A = Elapsed time spent in this place.
 B = Non-inter-level travel time spent in this place.
 C = Inter-level travel time spent in this place.
 D = Time resting spent in this place.
 E = Time spent auto-exploring this place.
 F = Levels seen in this place.
 G = Mean time per level.
                   A        B        C        D        E       F      G
               +--------+--------+--------+--------+--------+-----+--------+
         Total |   1490 |   1394 |     96 |      4 |   1052 |   3 |  496.7 |
       Dungeon |   1490 |   1394 |     96 |      4 |   1052 |   3 |  496.7 |
               +--------+--------+--------+--------+--------+-----+--------+

Top non-repeatable levels by time:
     D:1: 859 daAuts
     D:2: 538 daAuts
     D:3: 91 daAuts
